 Dungeon Crawl Stone Soup version 0.28-a0-1084-ga282ea246d (webtiles) character file.

Game seed: 3192718276645574394

12462 ChaosChampion the Fighter (level 11, -4/83 (91) HPs)
             Began as a Demonspawn Abyssal Knight on Dec 10, 2021.
             Was a Priest of Lugonu.
             Slain by a soul eater (6 damage)
             ... in a Gauntlet.
             The game lasted 01:00:33 (18590 turns).

ChaosChampion the Fighter (DsAK)                   Turns: 18590, Time: 01:00:34

HP:   -4/83 (91)    AC: 15    Str: 17    XL:     11   Next: 62%
MP:   13/15         EV: 18    Int: 12    God:    Lugonu [***...]
Gold: 761           SH:  0    Dex: 14    Spells: 6/10 levels left

rFire   + . .      SeeInvis +   n - +4 short sword (venom)
rCold   + + .      Faith    .   (no shield)
rNeg    . . .      Spirit   .   O - +4 ring mail
rPois   +          Reflect  .   (helmet unavailable)
rElec   +          Harm     .   (no cloak)
rCorr   +          Rampage  .   k - +2 pair of gloves
Will    .....      NoTele   +   j - +0 pair of boots
Stlth   +.........              (no amulet)
HPRegen 0.23/turn               H - ring of protection from cold
MPRegen 0.14/turn               m - +4 ring of evasion

@: mighty, resistant, drained
A: antennae 3, powered by pain 1, spiny 2, low mp 1, MP-powered wands
a: Renounce Religion, Depart the Abyss, Bend Space, Banish


You were in a Gauntlet.
You worshipped Lugonu.
Lugonu was most pleased with you.
You visited 2 branches of the dungeon, and saw 13 of its levels.
You visited the Abyss 1 time.
You also visited: Gauntlet.

You collected 761 gold pieces.

Inventory:

Hand Weapons
 a - a +1 hand axe
 g - a +1 short sword of speed
 n - a +4 short sword of venom (weapon)
 I - a +1 vorpal spear
Missiles
 e - a throwing net
 v - 49 poisoned darts
Armour
 j - a +0 pair of boots (worn)
 k - a +2 pair of gloves (worn)
 K - a +0 troll leather armour
 L - +0 acid dragon scales
 O - a +4 ring mail (worn)
Jewellery
 l - a ring of fire
 m - a +4 ring of evasion (right hand)
 y - a ring of poison resistance
 B - an amulet of guardian spirit
 H - a ring of protection from cold (left hand)
Wands
 d - a wand of flame (54)
 f - a wand of digging (5)
 u - a wand of polymorph (6)
 z - a wand of iceblast (4)
 E - a wand of mindburst (4)
 F - a wand of acid (6)
Scrolls
 b - a scroll of silence
 c - 2 scrolls of teleportation
 p - 3 scrolls of blinking
 q - 3 scrolls of immolation
 t - a scroll of brand weapon {unknown}
 w - a scroll of noise
 J - 2 scrolls of identify
 N - a scroll of holy word {unknown}
Potions
 h - a potion of berserk rage {unknown}
 i - a potion of resistance
 o - 4 potions of attraction
 r - a potion of magic
 s - a potion of lignification {unknown}
 x - 2 potions of curing
 C - a potion of cancellation
 D - 2 potions of might
 M - a potion of haste {unknown}
 P - a potion of ambrosia {unknown}
Miscellaneous
 G - a piece from Xom's chessboard (15/15)


   Skills:
 + Level 10.2 Fighting
 + Level 4.5 Short Blades
 - Level 5.9 Axes
 + Level 8.4 Armour
 + Level 8.4 Dodging
 + Level 7.8 Invocations


You had 6 spell levels left.
You knew the following spells:

 Your Spells              Type           Power      Damage    Failure   Level
a - Poisonous Vapours     Pois/Air       0%         N/A       63%         2
b - Passwall              Tmut/Erth      0%         N/A       63%         2

Your spell library contained the following spells:

 Spells                   Type           Power      Damage    Failure   Level
 Sandblast                Erth           0%         2d4       50%         1
 Corpse Rot               Necr/Air       0%         N/A       63%         2
 Call Canine Familiar     Summ           0%         N/A       86%         3
 Dazzling Flash           Conj/Hex       0%         N/A       86%         3
 Portal Projectile        Hex/Tloc       0%         N/A       86%         3
 Stone Arrow              Conj/Erth      0%         3d7       86%         3
 Swiftness                Air            0%         N/A       86%         3
 Leda's Liquefaction      Hex/Erth       0%         N/A       99%         4
 Olgreb's Toxic Radiance  Pois           0%         N/A       99%         4
 Agony                    Necr           0%         N/A       100%        5
 Blade Hands              Tmut           0%         N/A       100%        5
 Irradiate                Conj/Tmut      0%         3d14      100%        5
 Silence                  Hex/Air        0%         N/A       100%        5
 Dragon Form              Tmut           0%         N/A       100%        7
 Ozocubu's Refrigeration  Ice            0%         4d5       100%        7
 Ignition                 Fire           0%         3d3       100%        8


Dungeon Overview and Level Annotations

Branches:
Dungeon (12/15)            Temple (1/1) D:4            Lair (0/6) D:11
    Orc (0/2) D:12        Gauntlet (1/1)

Altars:
Ashenzari
Cheibriados
Dithmenos
Elyvilon
Fedhas
Gozag
Hepliaklqana
Kikubaaqudgha
Makhleb
Nemelex Xobeh
Okawaru
Qazlal
Ru
Sif Muna
Trog
Uskayaw
Vehumet
Wu Jian
Xom
Yredelemnul
Zin
The Shining One

Annotations:
D:6 3 runed translucent doors, Sar's ghost, weakling NaDe; Vivir's ghost, novice MiFi
D:9 corrupted
Abyss:1 Duvessa, Eustachio Gauntlet 10 transporters, corrupted


Innate Abilities, Weirdness & Mutations

You have a pair of large antennae on your head. (SInv)
You sometimes gain a little power by taking damage.
You are mostly covered in sharp spines.
Your magical capacity is low. (-10% MP)
You expend magic power (3 MP) to strengthen your wands.


Message History

The soul eater is lightly wounded.
The soul eater hits you!
You are too injured to fight recklessly!
You are too injured to fight recklessly!
There is a transporter here.
You see here an amulet of guardian spirit.
B - an amulet of guardian spirit The soul eater is struck by your spines.
The soul eater closely misses you.
You see here a +0 scale mail.
The soul eater draws from the surrounding life force!
You focus on the pain.
You feel your power returning.
The soul eater is healed.
The soul eater draws from the surrounding life force!
There is a transporter landing site here.
There is a transporter here.
You enter the transporter and appear at another place.
The soul eater draws from the surrounding life force!
* * * LOW HITPOINT WARNING * * *
You feel very mighty all of a sudden.
The soul eater hits you but does no damage.
You feel protected. The soul eater hits you.
* * * LOW HITPOINT WARNING * * *
You feel much better.
The soul eater draws from the surrounding life force!
You hit the soul eater but do no damage.
The soul eater hits you but does no damage.
You hit the soul eater but do no damage.
The soul eater is poisoned.
The soul eater hits you!
* * * LOW HITPOINT WARNING * * *
You hit the soul eater.
The soul eater is lightly wounded.
The soul eater hits you!!
* * * LOW HITPOINT WARNING * * *
You barely miss the soul eater.
The soul eater is lightly wounded.
You feel better. The soul eater hits you!
* * * LOW HITPOINT WARNING * * *
You feel drained.
You die...

##≈#§#≈#≈#≈#§#≈#≈#≈#≈#≈#§#≈#≈#§
##....§...§§............§.....5.
#≈..............................
##..###########..###########..##
#≈..#.........#Y.##.#.######..#.
##..#.#.....#.#Y.#.#..#ww#.#..#.
#≈..#..##.##.[#..#.##.##..##..#.
##§.#..##.##..#####.#.©###.####.
#≈.©#..#.©.#.©#@3###.#.##.©#©©#.
##..#..##.##..####....#...[####.
#≈§Y#..##.##..#..##.#.#.##?#...#
##.§#.#.....#.#..#.#......w#..#.
#≈§.#.........#..#..###.#w##....
##..###########..###########....
#≈.∩.........................5..
##....§§∩.....................3.
##§#≈#§..#########..########x2n


You could see 2 death yaks and a soul eater (very poisoned).

Vanquished Creatures
  A hydra (D:11)
  2 two-headed ogres (D:10)
  2 cyclopes (D:11)
  2 hornets
  Sigmund (D:2)
  A vampire (D:11)
  22 yaks
  A wraith (D:10)
  A steam dragon (D:10)
  2 acid dragons
  3 water moccasins
  4 orc warriors
  A black bear (D:6)
  3 ice beasts
  A sky beast (D:6)
  3 necrophages
  7 centaurs
  A phantom (D:6)
  2 kobold brigands
  2 gnoll sergeants
  A scorpion (D:7)
  Dowan (D:5)
  12 killer bees
  A water moccasin skeleton (D:7)
  6 howler monkeys
  A jelly (D:8)
  A bullfrog zombie (D:5)
  3 centaur zombies
  2 hounds (D:4)
  A centaur skeleton (D:3)
  5 orc priests
  A gnoll shaman (D:6)
  Jessica (D:2)
  Ijyb (D:5)
  6 iguanas
  7 orc wizards
  A killer bee zombie (D:9)
  A hound skeleton (D:4)
  2 howler monkey zombies
  Robin (D:2)
  17 gnolls
  6 adders
  2 shadow imps (Gauntlet)
  2 white imps
  4 ufetubi
  3 dart slugs
  27 orcs
  13 ball pythons
  4 bats
  6 endoplasms
  2 giant cockroaches (D:3)
  16 goblins
  12 hobgoblins
  3 jackals (D:4)
  21 kobolds
  7 quokkas
  5 frilled lizards
  2 jackal skeletons (D:4)
  4 rats
273 creatures vanquished.

Vanquished Creatures (others)
  A death yak (Gauntlet)
  A necromancer (Gauntlet)
  A tyrant leech (Gauntlet)
  4 flying skulls (Gauntlet)
  3 yaks (D:9)
  4 swamp worms (Gauntlet)
  An orc (D:9)
  13 fungi
  3 plants
  9 withered plants
40 creatures vanquished.

Grand Total: 313 creatures vanquished

Notes
Turn   | Place    | Note
-------+----------+-------------------------------------------
     0 | Abyss:1  | ChaosChampion the Demonspawn Abyssal Knight began the quest
                  | for the Orb.
     0 | Abyss:1  | Reached XP level 1. HP: 18/18 MP: 2/2
    31 | D:1      | Escaped the Abyss
    82 | D:1      | Reached skill level 1 in Dodging
   212 | D:1      | Gained mutation: You are partially covered in sharp spines.
                  | [demonic ancestry]
   212 | D:1      | Reached XP level 2. HP: 22/24 MP: 3/3
   417 | D:1      | Reached ** piety under Lugonu
   579 | D:1      | Found a faded altar of an unknown god.
   883 | D:1      | Reached XP level 3. HP: 26/29 MP: 5/5
  1175 | D:2      | Noticed Robin
  1264 | D:2      | Gained mutation: You have a pair of small antennae on your
                  | head. [demonic ancestry]
  1264 | D:2      | Reached XP level 4. HP: 30/37 MP: 6/6
  1306 | D:2      | Noticed Jessica
  1317 | D:2      | Killed Jessica
  1508 | D:2      | Reached skill level 4 in Fighting
  1516 | D:2      | Killed Robin
  1736 | D:2      | Reached XP level 5. HP: 36/42 MP: 7/7
  1889 | D:2      | You fall into a shaft and drop 1 floor!
  1901 | D:4      | Reached *** piety under Lugonu
  2039 | D:2      | Noticed Sigmund
  2323 | D:3      | Found a stormy altar of Qazlal.
  3367 | D:4      | Gained mutation: You are mostly covered in sharp spines.
                  | [demonic ancestry]
  3367 | D:4      | Reached XP level 6. HP: 43/49 MP: 8/8
  3439 | D:4      | Found a staircase to the Ecumenical Temple.
  3449 | Temple   | Entered the Ecumenical Temple
  3818 | D:4      | Learned a level 2 spell: Poisonous Vapours
  3823 | D:4      | Found a sparkling altar of Nemelex Xobeh.
  3996 | D:2      | Killed Sigmund
  3997 | D:2      | Reached skill level 5 in Fighting
  3997 | D:2      | Reached XP level 7. HP: 54/56 MP: 10/10
  4065 | D:4      | Found an iron altar of Okawaru.
  4075 | D:4      | Learned a level 2 spell: Passwall
  4558 | D:5      | Entered Level 5 of the Dungeon
  4558 | D:5      | Noticed Duvessa
  4558 | D:5      | Noticed Dowan
  4600 | D:4      | Reached **** piety under Lugonu
  4611 | D:5      | Reached skill level 5 in Invocations
  4617 | D:5      | Killed Dowan
  5145 | D:3      | Gained mutation: You are somewhat resistant to further
                  | mutation. [potion of mutation]
  5145 | D:3      | Gained mutation: You tend to lose your temper in combat.
                  | [potion of mutation]
  5153 | D:4      | Banished Duvessa
  5705 | D:5      | Noticed Eustachio
  5774 | D:4      | Banished Eustachio
  5775 | D:4      | Reached skill level 6 in Fighting
  5775 | D:4      | Reached XP level 8. HP: 25/64 MP: 7/12
  6099 | D:5      | Found a radiant altar of Vehumet.
  6149 | D:5      | Found a snail-covered altar of Cheibriados.
  6161 | D:5      | Noticed Ijyb
  6164 | D:5      | Found a bloodstained altar of Trog.
  6178 | D:5      | Killed Ijyb
  6503 | D:5      | Found a burning altar of Makhleb.
  6954 | D:6      | Found a runed translucent gate.
  6954 | D:6      | Found a runed translucent gate.
  6954 | D:6      | Found a runed translucent gate.
  7023 | D:6      | Noticed Vivir's ghost (novice MiFi)
  7023 | D:6      | Noticed Sar's ghost (weakling NaDe)
  7497 | D:6      | Reached skill level 5 in Axes
  7497 | D:6      | Gained mutation: You have a pair of antennae on your head.
                  | [demonic ancestry]
  7497 | D:6      | Reached XP level 9. HP: 71/71 MP: 13/13
  7879 | D:6      | Reached skill level 7 in Fighting
  7879 | D:6      | Reached skill level 5 in Armour
  8498 | D:7      | Reached skill level 5 in Dodging
  9177 | D:7      | Found an ancient bone altar of Kikubaaqudgha.
 10053 | D:8      | Found an opulent altar of Gozag.
 10082 | D:8      | Found a blossoming altar of Fedhas.
 10183 | D:8      | Found a shimmering blue altar of Sif Muna.
 10662 | D:9      | Corrupted D:9
 10662 | D:9      | Noticed a starcursed mass
 10662 | D:9      | Noticed a cacodemon
 10662 | D:9      | Noticed a large abomination
 10662 | D:9      | Noticed a necromancer
 10662 | D:9      | Noticed an apocalypse crab
 10662 | D:9      | Noticed a thrashing horror
 10662 | D:9      | Noticed a sixfirhy
 10662 | D:9      | Noticed a smoke demon
 10662 | D:9      | Noticed a smoke demon
 10663 | D:9      | Noticed a starcursed mass
 10663 | D:9      | Noticed a guardian serpent
 10664 | D:9      | Noticed a sixfirhy
 10667 | D:9      | Noticed a harpy
 10667 | D:9      | a tarantella changed into a harpy
 10669 | D:9      | a harpy changed into a hornet
 10670 | D:9      | Noticed a tentacled starspawn
 10671 | D:9      | Noticed a smoke demon
 10673 | D:9      | Noticed a smoke demon
 10674 | D:9      | Paralysed by a hornet for 1 turns
 10677 | D:8      | HP: 1/73 [poisoned by a hornet]
 11566 | D:9      | Reached skill level 8 in Fighting
 11566 | D:9      | Reached skill level 1 in Short Blades
 11806 | D:9      | Reached XP level 10. HP: 6/80 MP: 4/14
 13648 | D:10     | Entered Level 10 of the Dungeon
 14464 | D:9      | Reached skill level 9 in Fighting
 15587 | D:11     | Lost mutation: You are somewhat resistant to further
                  | mutation. [potion of mutation]
 15587 | D:11     | Lost mutation: You tend to lose your temper in combat.
                  | [potion of mutation]
 15587 | D:11     | Gained mutation: Your magical capacity is low. (-10% MP)
                  | [potion of mutation]
 15587 | D:11     | Gained mutation: You expend magic power (3 MP) to
                  | strengthen your wands. [potion of mutation]
 15587 | D:11     | Gained mutation: You have a pair of large antennae on your
                  | head. (SInv) [potion of mutation]
 15701 | D:11     | Noticed a four-headed hydra
 15971 | D:10     | Found a shadowy altar of Dithmenos.
 16122 | D:10     | Noticed a two-headed ogre
 16184 | D:10     | Killed a two-headed ogre
 16185 | D:10     | Gained mutation: You sometimes gain a little power by
                  | taking damage. [demonic ancestry]
 16185 | D:10     | Reached XP level 11. HP: 63/89 MP: 14/14
 16285 | D:10     | Noticed a two-headed ogre
 16350 | D:10     | Killed a two-headed ogre
 16416 | D:10     | Paralysed by a hornet for 3 turns
 16713 | D:11     | Killed a four-headed hydra
 17008 | D:11     | Reached skill level 10 in Fighting
 17217 | D:11     | Found a staircase to the Lair.
 17645 | D:11     | Found a radiant altar of Vehumet.
 17867 | D:12     | Found a gate leading to a gauntlet.
 17921 | Gauntlet | Entered a Gauntlet
 17921 | Gauntlet | Found a transporter.
 17921 | Gauntlet | Found a transporter.
 17921 | Gauntlet | Found a transporter.
 17943 | Gauntlet | Noticed a soul eater
 18140 | Gauntlet | Found a transporter.
 18141 | Gauntlet | Found a transporter.
 18144 | Gauntlet | Found a transporter.
 18152 | Gauntlet | Found a transporter.
 18153 | Gauntlet | Found a transporter.
 18154 | Gauntlet | Found a transporter.
 18155 | Gauntlet | Found a transporter.
 18157 | Gauntlet | Noticed a death yak
 18158 | Gauntlet | Noticed a death yak
 18158 | Gauntlet | Noticed a death yak
 18158 | Gauntlet | Noticed a death yak
 18160 | Gauntlet | Noticed a necromancer
 18164 | Gauntlet | Found a transporter.
 18166 | Gauntlet | Found a transporter.
 18468 | Gauntlet | Corrupted Gauntlet
 18468 | Gauntlet | Noticed a cacodemon
 18468 | Gauntlet | Noticed a thrashing horror
 18468 | Gauntlet | Noticed a hellephant
 18468 | Gauntlet | Noticed a death knight
 18468 | Gauntlet | Noticed a blizzard demon
 18468 | Gauntlet | Noticed a spatial maelstrom
 18472 | Gauntlet | Killed a death yak
 18474 | Gauntlet | Noticed a bog body
 18477 | Gauntlet | Killed a necromancer
 18497 | Gauntlet | Noticed a merfolk aquamancer
 18588 | Gauntlet | HP: 4/86 [soul eater (18)]
 18590 | Gauntlet | Slain by a soul eater

Illustrated notes

Levels and vault maps discovered:
D:1:      wheals_arrival_linesprint, layout_rooms, basic_ecumenical_altar,
          minmay_tree_intersection
D:2:      layout_basic, minmay_ruptured, uniq_robin, uniq_jessica, uniq_sigmund
D:3:      layout_basic, nicolae_qazlal_general_emergency, minmay_distorted
D:4:      layout_loops_ring, mainiacjoe_overflow_big_doors,
          mainiacjoe_overflow_alcove_2, minmay_temple_entry_proselytizer
D:5:      layout_rooms, mainiacjoe_overflow_cross_hatched, kennysheep_mini_moat,
          kennysheep_mini, trog_butcher_becter, uniq_duvessa, uniq_eustachio,
          uniq_ijyb
D:6:      layout_basic, gammafunk_ghost_cemetery,
          nicolae_concentric_dashed_squares_wild
D:7:      layout_cave_pools, kiku_gazebo_garden_becter,
          hangedman_decor_slide_cut, supply_closet_lemuel
D:8:      layout_loops_ring, fedhas_altar_4, mainiacjoe_overflow_tiny_flanked,
          lemuel_doored_altar, nicolae_elevator_lobby_asterisk
D:9:      lemuel_ice_spiral_2, layout_rooms, enter_bailey_3
D:10:     layout_irregular_city, mainiacjoe_overflow_six_doors_small
D:11:     layout_irregular_city, lair_entry_dummy,
          chequers_serial_rivers_room_a, vehumet_altar_wand_db
D:12:     layout_loops_ring, david_orc_4, gauntlet_entry_generic, uniq_maurice
Temple:   jpeg_temple_island
Gauntlet: minmay_gauntlet_mixed_big_or_small [nicolae_gauntlet_arena_blocks,
          minmay_gauntlet_arena_77_mess, gammafunk_gauntlet_arena_mazey,
          minmay_gauntlet_arena_77_braids, nicolae_gauntlet_swirl,
          minmay_gauntlet_arena_77_chump_sandwich, gauntlet_exit_hidden_loot]

Skill      XL: |  1  2  3  4  5  6  7  8  9 10 11 |
---------------+----------------------------------+-----
Dodging        | 1 2 3 4 6 7 8 |  8.4
Axes           | 2 3 5 |  5.9
Armour         | 2 3 4 6 7 8 |  8.4
Invocations    | 3 4 5 6 7 |  7.8
Fighting       | 4 5 6 8 9 10 | 10.2
Short Blades   | 1 3 4 |  4.5

Action                   |  1- 3 |  4- 6 |  7- 9 | 10-12 || total
-------------------------+-------+-------+-------+-------++-------
Melee: Hand axe          |    68 |   158 |   267 |       ||   493
       Unarmed           |       |       |    17 |       ||    17
       Short sword       |       |       |    34 |   340 ||   374
Invok: Bend Space        |       |       |     8 |       ||     8
       Banish            |       |       |     4 |     3 ||     7
       Corrupt           |       |       |     1 |     1 ||     2
Evoke: Wand              |       |       |       |    10 ||    10
  Use: Scroll            |       |     1 |    10 |     6 ||    17
       Potion            |       |       |     3 |     6 ||     9
 Stab: Sleeping          |       |     1 |       |       ||     1
Armor: Leather armour    |    18 |    20 |    36 |       ||    74
       Plate armour      |       |       |   119 |    83 ||   202
       Skin              |       |       |     2 |       ||     2
       Troll leather arm |       |       |       |    46 ||    46
       Ring mail         |       |       |       |    10 ||    10
Dodge: Dodged            |    35 |   113 |   243 |   312 ||   703

Table legend: (Time is in decaauts)
 A = Elapsed time spent in this place.
 B = Non-inter-level travel time spent in this place.
 C = Inter-level travel time spent in this place.
 D = Time resting spent in this place.
 E = Time spent auto-exploring this place.
 F = Levels seen in this place.
 G = Mean time per level.
                   A        B        C        D        E       F      G
               +--------+--------+--------+--------+--------+-----+--------+
         Total |  18819 |  18726 |     93 |   6323 |   5938 |  15 | 1254.6 |
       Dungeon |  17826 |  17733 |     93 |   6323 |   5486 |  12 | 1485.5 |
        Temple |    293 |    293 |      0 |      0 |    235 |   1 |  293.0 |
         Abyss |     31 |     31 |      0 |      0 |      0 |   1 |   31.0 |
      Gauntlet |    667 |    667 |      0 |      0 |    217 |   1 |  667.0 |
               +--------+--------+--------+--------+--------+-----+--------+

Top non-repeatable levels by time:
     D:9: 2910 daAuts
     D:8: 2408 daAuts
     D:6: 1989 daAuts
     D:3: 1988 daAuts
     D:4: 1625 daAuts
    D:10: 1466 daAuts
     D:1: 1271 daAuts
    D:11: 1251 daAuts
     D:7: 1242 daAuts
     D:2: 951 daAuts
Gauntlet: 667 daAuts
     D:5: 659 daAuts
  Temple: 293 daAuts
    D:12: 62 daAuts
 Abyss:1: 31 daAuts
